 Dungeon Sprint DCSS version 0.17-a0-1533-g2f57bce (webtiles) character file.

69853 ztt the Swordmaster (level 14, -20/149 HPs)
             Began as a Minotaur Fighter on July 16, 2015.
             Was the Champion of Makhleb.
             Killed from afar by an ice dragon (37 damage)
             ... with a blast of cold
             ... in the Dungeon (Sprint V: "Ziggurat Sprint").
             The game lasted 00:12:01 (1641 turns).

ztt the Swordmaster (Minotaur Fighter)              Turns: 1641, Time: 00:12:01

Health: -20/149    AC: 36    Str: 36    XL:     14   Next: 91%
Magic:  13/13      EV: 10    Int:  9    God:    Makhleb [******]
Gold:   0          SH: 39    Dex: 18    Spells: 1 memorised, 8 levels left

rFire  . . .     SeeInvis .     y - +9 Sword of Zonguldrok {reap, *Curse} (curse)
rCold  . . .     Clarity  .     E - +15 Maxwell's patent armour {-Cast -Tele rElec MR+ rCorr}
rNeg   + . .     SustAt   .     F - +18 shield of the gong {rElec rN+ MR+ EV-5}
rPois  +         Gourm    .     (helmet restricted)
rElec  +         Spirit   .     U - +1 cloak {rPois}
rCorr  +         Warding  .     c - +0 pair of gloves "Icit" {rElec Int+4 Dex+6} (curse)
rMut   .         NoTele   +     (no boots)
MR     +++..     NoCast   +     (no amulet)
Stlth  ..........               L - +6 ring of strength
                                M - +6 ring of strength

@: extremely resistant to hostile enchantments, extremely unstealthy
A: retaliatory headbutt, horns 2
a: Minor Destruction, Lesser Servant of Makhleb, Major Destruction, Greater
Servant of Makhleb, Renounce Religion


You were in the Dungeon.
You worshipped Makhleb.
Makhleb was exalted by your worship.
You were full.

You visited 1 branch

Inventory:

Hand weapons
 a - a +0 war axe
 y - the cursed +9 Sword of Zonguldrok (weapon) {reap, *Curse}
   (You found it in the Dungeon)

   If a monster killed with it leaves a corpse in good enough shape, the corpse
   will be animated as a zombie friendly to the killer.
   It may re-curse itself when equipped.
   It has a curse placed upon it.
 A - the +8 lance "Wyrmbane" {slay drac, +Rage rPois rF+ AC+5}
   (You found it in the Dungeon)

   It affects your AC (+5).
   It protects you from fire.
   It protects you from poison.
   It lets you go berserk.
 B - the +14 plutonium sword {*Contam Stlth-}
   (You found it in the Dungeon)

   It causes magical contamination when unequipped.
   It makes you less stealthy.
 C - the +6 Majin-Bo {vamp, Archmagi MP+6 Int+6}
   (You found it in the Dungeon)

   It inflicts no extra harm, but heals its wielder somewhat when it strikes a
   living foe.
   It affects your intelligence (+6).
   It affects your magic capacity (+6).
 D - the cursed +14 obsidian axe {chop, +Fly Str+3 SInv *Curse}
   (You found it in the Dungeon)

   It inflicts extra damage upon your enemies.
   It affects your strength (+3).
   It lets you see invisible.
   It lets you fly.
   It may re-curse itself when equipped.
   It has a curse placed upon it.
 G - the +6 shillelagh "Devastator" {shatter}
   (You found it in the Dungeon)
Armour
 c - the cursed +0 pair of gloves "Icit" (worn) {rElec Int+4 Dex+6}
   (You found it in the Dungeon)

   It affects your intelligence (+4).
   It affects your dexterity (+6).
   It insulates you from electricity.
   It has a curse placed upon it.
 E - the +15 Maxwell's patent armour (worn) {-Cast -Tele rElec MR+ rCorr}
   (You found it in the Dungeon)

   It insulates you from electricity.
   It affects your resistance to hostile enchantments.
   It prevents spellcasting.
   It prevents most forms of teleportation.
   It protects you from acid and corrosion.
 F - the +18 shield of the gong (worn) {rElec rN+ MR+ EV-5}
   (You found it in the Dungeon)

   It affects your evasion (-5).
   It insulates you from electricity.
   It protects you from negative energy.
   It affects your resistance to hostile enchantments.
 U - a +1 cloak of poison resistance (worn)
Jewellery
 b - a +1 ring of evasion
 o - the ring "Lyesch" {Fire +Fly}
   (You found it in the Dungeon)

   [ring of fire]

   It enhances your fire magic, and weakens your ice magic.
   It protects you from fire.
   It makes you vulnerable to cold.
   It lets you fly.
 H - a +6 ring of dexterity
 I - a +6 ring of dexterity
 J - a +6 ring of intelligence
 K - a +6 ring of intelligence
 L - a +6 ring of strength (right hand)
 M - a +6 ring of strength (left hand)
 R - an uncursed ring of wizardry
 V - an uncursed ring of wizardry
 W - the ring "Todaqo" {+Inv Str+2}
   (You found it in the Dungeon)

   [ring of invisibility]

   It affects your strength (+2).
   It lets you turn invisible.
 Z - a +2 ring of protection
Magical devices
 N - a wand of disintegration (7)
 O - a wand of fire (5)
 P - a wand of cold (5)
 Q - a wand of draining (5)
Scrolls
 k - 4 scrolls of blinking
 q - 4 scrolls of amnesia
 r - 3 scrolls of recharging
 s - 7 scrolls of fog
 t - a scroll of holy word
 u - 5 scrolls of identify
 v - 5 scrolls of remove curse
 w - 2 scrolls of fear
 X - 3 scrolls of brand weapon
Potions
 d - 6 potions of might
 f - 10 potions of curing
 g - 10 potions of heal wounds
 h - 6 potions of haste
 i - 7 potions of magic
 j - 3 potions of berserk rage
 l - 2 potions of brilliance
 m - 2 potions of invisibility
 n - 4 potions of resistance
 p - 6 potions of agility
Books
 S - a book of Spatial Translocations

   Spells                             Type                      Level
   a - Apportation                    Translocation                1
   b - Blink                          Translocation                2
   c - Shroud of Golubria             Charms/Translocation         2
   d - Portal Projectile              Translocation                3
   e - Teleport Other                 Translocation                3
   f - Passage of Golubria            Translocation                4
 T - the Catalogue of Igneous Battle Magic
   (You found it in the Dungeon)

   Spells                             Type                      Level
   a - Flame Tongue                   Conjuration/Fire             1
   b - Throw Flame                    Conjuration/Fire             2
   c - Conjure Flame                  Conjuration/Fire             3
Comestibles
 e - 5 bread rations
 x - 37 fruits
 z - 3 meat rations


   Skills:
 + Level 20.6 Fighting
 O Level 27 Long Blades
 - Level 2.4 Axes
 + Level 16.0 Armour
 + Level 8.3 Dodging
 + Level 2.1 Stealth
 O Level 27 Shields


You had 8 spell levels left.
You knew the following spells:

 Your Spells              Type           Power        Failure   Level  Hunger
a - Shadow Creatures      Summ           N/A          100%        5    ######.


Dungeon Overview and Level Annotations

Branches:
Dungeon (1/1)

Altars:
Ashenzari
Cheibriados
Dithmenos
Elyvilon
Fedhas
Gozag
Kikubaaqudgha
Makhleb
Nemelex Xobeh
Okawaru
Qazlal
Ru
Sif Muna
Trog
Vehumet
Xom
Yredelemnul
Zin
The Shining One
Beogh
Jiyva
Lugonu


Innate Abilities, Weirdness & Mutations

You reflexively headbutt those who attack you in melee.
You have a pair of horns on your head.


Message History

You kill the frost giant!
Makhleb accepts your kill.
The frost giant turns into a zombie!
The blizzard demon hits your frost giant zombie. x2
The Ice Fiend claws your frost giant zombie but does no damage.
The Ice Fiend claws your frost giant zombie.
The Ice Fiend freezes your frost giant zombie.
Your frost giant zombie resists.
The Ice Fiend gestures at you.
The bolt of cold hits the polar bear.
The polar bear resists.
The polar bear dies!
The bolt of cold hits you!
* * * LOW HITPOINT WARNING * * *
The ice dragon breathes frost at you.
The blast of cold hits the blizzard demon.
The blizzard demon resists.
The blast of cold hits your frost giant zombie.
Your frost giant zombie resists.
The blast of cold hits you!
You die...

[)}:})|)Z=..▓.............
...|:|.h....▓.............
.............▓.............
.....D.Y......▓.............
......Z.Y3.....▓.............
.......Z32..ZY.▓...........()
.......W1D121D.▓..........)))
..........2Z†..▓...........))
..▓.......▓@..▓..........()(
. ▓.▓.....▓1▓..▓▓▓▓▓▓▓▓▓▓▓▓▓▓
...▓.......▓...▓.....8©8.....
...............▓.)::...}[%}}.
...............▓.."[=[=}=)%..
▓▓▓▓▓▓▓▓▓▓▓▓▓▓▓▓........Z....
▓..........Z.. ▓.............
.........Z...


You could see 4 Ice Fiends, 3 ice dragons, 3 blizzard demons, 2 ice devils, a
polar bear, a freezing wraith, 3 ice beasts, a ball python simulacrum, an adder
simulacrum, a jackal simulacrum and a friendly frost giant zombie.

Vanquished Creatures
  A lich (D)
  5 deep elf blademasters (D)
  2 deep elf master archers (D)
  3 shadow dragons (D)
  A frost giant (D)
  A deep elf sorcerer (D)
  2 ghouls (D)
  3 stone giants (D)
  A vampire knight (D)
  A deep elf death mage (D)
  19 vault guards (D)
  A yaktaur captain (D)
  A deep elf high priest (D)
  2 hydras (D)
  2 vampire magi (D)
  2 deep elf knights (D)
  2 skeletal warriors (D)
  3 deep elf summoners (D)
  6 necromancers (D)
  3 deep elf conjurers (D)
  An ugly thing (D)
  4 hornets (D)
  A moth of wrath (D)
  A black mamba (D)
  A komodo dragon (D)
  5 spiny frogs (D)
  A demonic crawler (D)
  3 yaktaurs (D)
  3 deep elf priests (D)
  A jumping spider (D)
  6 polar bears (D)
  A blue devil (D)
  2 blink frogs (D)
  A blink frog (shapeshifter) (D)
  2 trapdoor spiders (D)
  5 spriggans (D)
  An air elemental (D)
  2 deep elf magi (D)
  A deep elf fighter (D)
  A hippogriff (D)
  2 yaks (D)
  A steam dragon (shapeshifter) (D)
  2 insubstantial wisps (D)
  2 nagas (D)
  5 wolves (D)
  5 water moccasins (D)
  A swamp drake (shapeshifter) (D)
  5 black bears (D)
  2 orc warriors (D)
  An ice beast (D)
  4 necrophages (D)
  5 wasps (D)
  3 porcupines (D)
  6 crocodiles (D)
  2 giant frogs (D)
  6 wights (D)
  5 orc wizards (D)
  8 orc priests (D)
  An iguana (D)
  A sheep (D)
  An adder (D)
  2 river rats (D)
  An adder zombie (D)
  3 adder skeletons (D)
  An orc (D)
  A bat skeleton (D)
  A bat zombie (D)
  2 ball pythons (D)
  A giant cockroach zombie (D)
  A jackal skeleton (D)
185 creatures vanquished.

Vanquished Creatures (collateral kills)
  A deep elf high priest (D)
  2 vault guards (D)
  A blink frog (D)
  A trapdoor spider (D)
  A spriggan (D)
  2 deep elf fighters (D)
  A river rat (D)
9 creatures vanquished.

Vanquished Creatures (others)
  A polar bear (D)
  A deep elf fighter (D)
2 creatures vanquished.

Grand Total: 196 creatures vanquished

Notes
Turn   | Place    | Note
--------------------------------------------------------------
     0 | D        | ztt the Minotaur Fighter began the quest for the Orb.
     0 | D        | Reached XP level 1. HP: 19/19 MP: 0/0
     0 | D        | Found a roughly hewn altar of Beogh.
     0 | D        | Found a corrupted altar of Lugonu.
     0 | D        | Found a viscous altar of Jiyva.
     0 | D        | Found a white marble altar of Elyvilon.
     0 | D        | Found a sparkling altar of Nemelex Xobeh.
     0 | D        | Found a burning altar of Makhleb.
     0 | D        | Found an iron altar of Okawaru.
     0 | D        | Found a deep blue altar of Sif Muna.
     0 | D        | Found a radiant altar of Vehumet.
     0 | D        | Found a bloodstained altar of Trog.
     0 | D        | Found a shimmering altar of Xom.
    59 | D        | Reached skill level 6 in Fighting
    59 | D        | Reached XP level 2. HP: 23/30 MP: 1/1
   136 | D        | Became a worshipper of Makhleb the Destroyer
   140 | D        | Entered arena 1.
   140 | D        | Noticed an orc priest
   140 | D        | Noticed an orc priest
   143 | D        | Killed an orc priest
   143 | D        | Reached skill level 5 in Long Blades
   143 | D        | Reached XP level 3. HP: 36/38 MP: 2/2
   144 | D        | Killed an orc priest
   144 | D        | Acquired Makhleb's first power
   144 | D        | Reached skill level 7 in Fighting
   144 | D        | Reached skill level 5 in Shields
   148 | D        | Entered arena 2.
   148 | D        | Noticed an air elemental
   148 | D        | Noticed an insubstantial wisp
   148 | D        | Noticed an insubstantial wisp
   153 | D        | Killed an insubstantial wisp
   153 | D        | Reached skill level 8 in Fighting
   153 | D        | Reached XP level 4. HP: 34/49 MP: 3/3
   153 | D        | Reached XP level 5. HP: 38/56 MP: 4/4
   160 | D        | Killed an air elemental
   160 | D        | Reached skill level 9 in Fighting
   160 | D        | Reached XP level 6. HP: 38/66 MP: 5/5
   166 | D        | Killed an insubstantial wisp
   166 | D        | Reached skill level 10 in Fighting
   247 | D        | Entered arena 3.
   247 | D        | Noticed a blink frog
   247 | D        | Noticed a cyan ugly thing
   247 | D        | Noticed a scorpion
   247 | D        | Noticed a giant frog
   257 | D        | Killed a blink frog
   257 | D        | Reached skill level 10 in Armour
   257 | D        | Reached skill level 10 in Shields
   257 | D        | Reached XP level 7. HP: 70/73 MP: 6/6
   260 | D        | a giant frog changed into a steam dragon
   262 | D        | Killed a cyan ugly thing
   262 | D        | Acquired Makhleb's second power
   262 | D        | Reached skill level 11 in Fighting
   262 | D        | Reached skill level 10 in Long Blades
   262 | D        | Reached XP level 8. HP: 70/82 MP: 7/7
   262 | D        | a scorpion changed into a wasp
   317 | D        | Got the ring "Lyesch" {Fire +Fly}
   321 | D        | Entered arena 4.
   321 | D        | Noticed a wight
   321 | D        | Noticed a necrophage
   321 | D        | Noticed a necrophage
   325 | D        | Killed a necrophage
   325 | D        | Reached skill level 12 in Shields
   329 | D        | Killed a necrophage
   329 | D        | Acquired Makhleb's third power
   334 | D        | Killed a wight
   338 | D        | Entered arena 5.
   338 | D        | Noticed an orc wizard
   338 | D        | Noticed an orc wizard
   338 | D        | Noticed an orc priest
   338 | D        | Noticed an orc priest
   338 | D        | Noticed an orc wizard
   340 | D        | Killed an orc wizard
   340 | D        | Acquired Makhleb's fourth power
   344 | D        | Killed an orc wizard
   345 | D        | Killed an orc priest
   349 | D        | Killed an orc wizard
   350 | D        | Killed an orc priest
   350 | D        | Acquired Makhleb's fifth power
   411 | D        | Identified the Catalogue of Igneous Battle Magic (You found it in the Dungeon)
   413 | D        | Entered arena 6.
   413 | D        | Noticed a polar bear
   413 | D        | Noticed a blue devil
   413 | D        | Noticed an ice beast
   413 | D        | Noticed a polar bear
   413 | D        | Noticed a polar bear
   413 | D        | Noticed a polar bear
   421 | D        | Killed a polar bear
   421 | D        | Reached skill level 13 in Shields
   423 | D        | Killed a polar bear
   423 | D        | Reached XP level 9. HP: 90/90 MP: 8/8
   426 | D        | Killed a blue devil
   433 | D        | Killed an ice beast
   436 | D        | Killed a polar bear
   436 | D        | Reached skill level 1 in Dodging
   436 | D        | Reached skill level 14 in Shields
   441 | D        | Killed a polar bear
   453 | D        | Entered arena 7.
   453 | D        | Noticed a spriggan
   453 | D        | Noticed a spriggan rider
   453 | D        | Noticed a black bear
   453 | D        | Noticed a black bear
   453 | D        | Noticed a black bear
   453 | D        | Noticed a wolf
   456 | D        | Killed a wolf
   456 | D        | Reached skill level 1 in Stealth
   459 | D        | Killed a spriggan
   462 | D        | Killed a black bear
   464 | D        | Killed a black bear
   469 | D        | Killed a spriggan
   470 | D        | Killed a wasp
   472 | D        | Killed a black bear
   480 | D        | Entered arena 8.
   480 | D        | Noticed a naga
   480 | D        | Noticed a water moccasin
   480 | D        | Noticed a water moccasin
   480 | D        | Noticed a naga
   490 | D        | Killed a naga
   490 | D        | Reached skill level 15 in Shields
   494 | D        | Killed a water moccasin
   496 | D        | Killed a water moccasin
   503 | D        | Killed a naga
   511 | D        | Got the cursed +0 pair of gloves "Icit" {rElec Int+4 Dex+6}
   518 | D        | Entered arena 9.
   518 | D        | Noticed a spriggan rider
   518 | D        | Noticed a black bear
   518 | D        | Noticed a black bear
   518 | D        | Noticed a wolf
   518 | D        | Noticed a spriggan rider
   518 | D        | Noticed a spriggan
   518 | D        | Noticed a wolf
   518 | D        | Noticed a spriggan rider
   520 | D        | Killed a wolf
   521 | D        | Killed a wolf
   527 | D        | Killed a spriggan
   527 | D        | Reached XP level 10. HP: 81/100 MP: 9/9
   531 | D        | Killed a wasp
   534 | D        | Killed a spriggan rider
   534 | D        | Killed a wasp
   534 | D        | Reached skill level 15 in Long Blades
   534 | D        | Reached skill level 16 in Shields
   535 | D        | Killed a spriggan
   537 | D        | Killed a black bear
   538 | D        | Killed a black bear
   540 | D        | Killed a wasp
   540 | D        | Killed a spriggan
   589 | D        | Entered arena 10.
   589 | D        | Noticed an orc warrior
   589 | D        | Noticed an orc warrior
   589 | D        | Noticed an orc wizard
   589 | D        | Noticed an orc wizard
   589 | D        | Noticed an orc priest
   589 | D        | Noticed an orc priest
   589 | D        | Noticed an orc priest
   589 | D        | Noticed an orc priest
   597 | D        | Killed an orc warrior
   599 | D        | Killed an orc priest
   602 | D        | Killed an orc warrior
   606 | D        | Killed an orc priest
   607 | D        | Killed an orc priest
   608 | D        | Killed an orc priest
   612 | D        | Killed an orc wizard
   617 | D        | Killed an orc wizard
   629 | D        | Got the ring "Todaqo" {+Inv Str+2}
   634 | D        | Entered arena 11.
   634 | D        | Noticed a deep elf death mage
   634 | D        | Noticed a deep elf summoner
   634 | D        | Noticed a deep elf conjurer
   634 | D        | Noticed a deep elf fighter
   634 | D        | Noticed a deep elf conjurer
   634 | D        | Noticed a deep elf blademaster
   635 | D        | Noticed a deep elf priest
   635 | D        | Noticed a deep elf conjurer
   635 | D        | Noticed a deep elf high priest
   635 | D        | Noticed a deep elf mage
   643 | D        | Killed a deep elf blademaster
   643 | D        | Reached skill level 18 in Shields
   647 | D        | Killed a deep elf conjurer
   647 | D        | Reached XP level 11. HP: 64/108 MP: 10/10
   650 | D        | Killed a deep elf summoner
   660 | D        | Killed a deep elf death mage
   665 | D        | Killed a deep elf conjurer
   667 | D        | Noticed a sun demon
   667 | D        | Killed a deep elf conjurer
   667 | D        | Reached skill level 19 in Shields
   671 | D        | Killed a deep elf mage
   675 | D        | Killed a deep elf fighter
   677 | D        | Killed a deep elf priest
   681 | D        | Killed a sun demon
   686 | D        | Killed a deep elf high priest
   794 | D        | Entered arena 12.
   794 | D        | Noticed a jumping spider
   794 | D        | Noticed a hornet
   794 | D        | Noticed a demonic crawler
   794 | D        | Noticed a hornet
   795 | D        | Noticed a moth of wrath
   795 | D        | Noticed a wasp
   795 | D        | Noticed a hornet
   796 | D        | Noticed a hornet
   800 | D        | Noticed a trapdoor spider
   802 | D        | Noticed a trapdoor spider
   803 | D        | Killed a moth of wrath
   806 | D        | Killed a hornet
   809 | D        | Killed a wasp
   812 | D        | Killed a hornet
   814 | D        | Killed a jumping spider
   821 | D        | Killed a hornet
   824 | D        | Killed a demonic crawler
   827 | D        | Killed a trapdoor spider
   827 | D        | Reached skill level 20 in Shields
   828 | D        | Killed a hornet
   831 | D        | Killed a trapdoor spider
   917 | D        | Noticed a trapdoor spider
   917 | D        | Killed a trapdoor spider
   920 | D        | Entered arena 13.
   925 | D        | Noticed a shadow dragon
   925 | D        | Noticed a vault guard
   925 | D        | Noticed a vault guard
   925 | D        | Noticed a yaktaur
   926 | D        | Noticed a vault guard
   926 | D        | Noticed a stone giant
   927 | D        | Noticed a vault guard
   928 | D        | Noticed a stone giant
   928 | D        | Noticed a vault guard
   929 | D        | Noticed a yaktaur
   929 | D        | Noticed a vault guard
   929 | D        | Noticed a vault guard
   930 | D        | Identified the +7 spear "Salut" {flame, rF+}
   933 | D        | Killed a vault guard
   939 | D        | Killed a stone giant
   939 | D        | Reached XP level 12. HP: 118/118 MP: 11/11
   942 | D        | Killed a vault guard
   953 | D        | Killed a vault guard
   953 | D        | Reached skill level 15 in Fighting
   953 | D        | Reached skill level 21 in Shields
   960 | D        | Killed a vault guard
   980 | D        | Killed a shadow dragon
   984 | D        | Killed a vault guard
   984 | D        | Reached skill level 5 in Dodging
   985 | D        | Killed a yaktaur
   987 | D        | Killed a yaktaur
   995 | D        | Killed a vault guard
   999 | D        | Killed a stone giant
   999 | D        | Reached skill level 22 in Shields
  1003 | D        | Killed a vault guard
  1081 | D        | Entered arena 14.
  1081 | D        | Noticed a wight
  1081 | D        | Noticed a wight
  1081 | D        | Noticed a wight
  1082 | D        | Noticed a vampire knight
  1083 | D        | Noticed a skeletal warrior
  1084 | D        | Noticed a necromancer
  1084 | D        | Noticed a necromancer
  1085 | D        | Noticed a necromancer
  1085 | D        | Noticed a necromancer
  1086 | D        | Killed a wight
  1088 | D        | Killed a wight
  1090 | D        | Noticed a skeletal warrior
  1096 | D        | Killed a vampire knight
  1099 | D        | Killed a skeletal warrior
  1104 | D        | Killed a necromancer
  1105 | D        | Killed a necromancer
  1108 | D        | Killed a necromancer
  1111 | D        | Killed a skeletal warrior
  1113 | D        | Killed a wight
  1116 | D        | Killed a necromancer
  1140 | D        | Learned a level 5 spell: Shadow Creatures
  1142 | D        | Entered arena 15.
  1142 | D        | Noticed a vampire mage
  1144 | D        | Killed a vampire mage
  1144 | D        | Reached XP level 13. HP: 128/128 MP: 12/12
  1145 | D        | Noticed a necrophage
  1145 | D        | Noticed a necromancer
  1146 | D        | Noticed a ghoul
  1146 | D        | Noticed a ghoul
  1146 | D        | Noticed a vampire mage
  1146 | D        | Noticed a necrophage
  1148 | D        | Noticed a wight
  1148 | D        | Noticed a necromancer
  1149 | D        | Noticed a wight
  1151 | D        | Killed a vampire mage
  1155 | D        | Killed a necromancer
  1161 | D        | Killed a ghoul
  1161 | D        | Reached skill level 23 in Shields
  1165 | D        | Killed a ghoul
  1167 | D        | Killed a necrophage
  1168 | D        | Killed a wight
  1170 | D        | Killed a necromancer
  1173 | D        | Killed a necrophage
  1178 | D        | Killed a wight
  1188 | D        | Entered arena 16.
  1197 | D        | Noticed a blink frog
  1197 | D        | Noticed a crocodile
  1197 | D        | Noticed a porcupine
  1197 | D        | Noticed a giant frog
  1197 | D        | Noticed a crocodile
  1198 | D        | Noticed a porcupine
  1198 | D        | Noticed a water moccasin
  1198 | D        | Noticed a polar bear
  1203 | D        | Killed a giant frog
  1204 | D        | Noticed a spiny frog
  1207 | D        | Killed a crocodile
  1208 | D        | Noticed a crocodile
  1208 | D        | Noticed a crocodile
  1210 | D        | Noticed a water moccasin
  1210 | D        | Killed a porcupine
  1211 | D        | Killed a spiny frog
  1213 | D        | Killed a crocodile
  1215 | D        | Killed a porcupine
  1217 | D        | Killed a water moccasin
  1219 | D        | Killed a water moccasin
  1221 | D        | Noticed a four-headed hydra
  1222 | D        | Killed a crocodile
  1229 | D        | Noticed a yak
  1230 | D        | Killed a polar bear
  1232 | D        | Killed a six-headed hydra
  1233 | D        | Killed a blink frog
  1235 | D        | Killed a crocodile
  1237 | D        | Killed a yak
  1254 | D        | Entered arena 17.
  1259 | D        | Noticed a deep elf high priest
  1259 | D        | Noticed a deep elf master archer
  1259 | D        | Noticed a deep elf blademaster
  1259 | D        | Noticed a deep elf summoner
  1259 | D        | Noticed a deep elf sorcerer
  1259 | D        | Noticed a deep elf fighter
  1259 | D        | Noticed a deep elf fighter
  1259 | D        | Noticed a deep elf blademaster
  1259 | D        | Noticed a deep elf blademaster
  1262 | D        | Noticed a deep elf summoner
  1264 | D        | Noticed a deep elf mage
  1264 | D        | Noticed a deep elf master archer
  1270 | D        | Noticed a deep elf priest
  1271 | D        | Noticed a deep elf fighter
  1274 | D        | Noticed a deep elf blademaster
  1274 | D        | Killed a deep elf blademaster
  1276 | D        | Noticed a deep elf knight
  1276 | D        | Noticed a deep elf knight
  1280 | D        | Noticed a deep elf priest
  1286 | D        | Killed a deep elf blademaster
  1291 | D        | Killed a deep elf blademaster
  1291 | D        | Reached skill level 24 in Long Blades
  1294 | D        | Killed a deep elf blademaster
  1301 | D        | Killed a deep elf master archer
  1306 | D        | Killed a deep elf master archer
  1310 | D        | Killed a deep elf sorcerer
  1314 | D        | Killed a deep elf summoner
  1314 | D        | Reached skill level 25 in Shields
  1314 | D        | Reached XP level 14. HP: 141/141 MP: 13/13
  1322 | D        | Killed a deep elf priest
  1323 | D        | Killed a deep elf summoner
  1329 | D        | Killed a deep elf high priest
  1329 | D        | Killed a deep elf fighter
  1331 | D        | Killed a deep elf mage
  1332 | D        | Killed a deep elf knight
  1336 | D        | Killed a deep elf priest
  1343 | D        | Killed a deep elf fighter
  1345 | D        | Killed a deep elf knight
  1349 | D        | Killed a deep elf fighter
  1397 | D        | Entered arena 18.
  1400 | D        | Noticed a vault guard
  1400 | D        | Noticed a shadow dragon
  1400 | D        | Noticed a stone giant
  1400 | D        | Noticed a lich
  1400 | D        | Noticed a vault guard
  1400 | D        | Noticed a vault guard
  1400 | D        | Noticed a vault guard
  1400 | D        | Noticed a vault guard
  1400 | D        | Noticed a vault guard
  1401 | D        | Noticed a shadow dragon
  1401 | D        | Noticed a yaktaur
  1401 | D        | Noticed a vault guard
  1401 | D        | Noticed a vault guard
  1401 | D        | Noticed a vault guard
  1412 | D        | Noticed a vault guard
  1413 | D        | Noticed a yaktaur captain
  1413 | D        | Killed a vault guard
  1418 | D        | Killed a lich
  1419 | D        | Noticed a vault guard
  1423 | D        | Killed a vault guard
  1426 | D        | Noticed a vault guard
  1427 | D        | Noticed a vault guard
  1428 | D        | Noticed a vault guard
  1431 | D        | Killed a vault guard
  1431 | D        | Reached skill level 26 in Long Blades
  1439 | D        | Killed a vault guard
  1444 | D        | Killed a vault guard
  1452 | D        | Killed a shadow dragon
  1455 | D        | Killed a yaktaur captain
  1461 | D        | Killed a vault guard
  1465 | D        | Killed a vault guard
  1471 | D        | Killed a vault guard
  1471 | D        | Reached skill level 15 in Armour
  1473 | D        | Killed a vault guard
  1478 | D        | Killed a vault guard
  1489 | D        | Killed a shadow dragon
  1489 | D        | Reached skill level 27 in Long Blades
  1490 | D        | Killed a yaktaur
  1495 | D        | Killed a vault guard
  1495 | D        | Killed a vault guard
  1503 | D        | Killed a vault guard
  1514 | D        | Killed a stone giant
  1514 | D        | Reached skill level 27 in Shields
  1519 | D        | Killed a vault guard
  1536 | D        | Entered arena 19.
  1541 | D        | Noticed a blink frog
  1541 | D        | Noticed a wolf
  1541 | D        | Noticed a porcupine
  1541 | D        | Noticed a water moccasin
  1541 | D        | Noticed a four-headed hydra
  1541 | D        | Noticed a wolf
  1541 | D        | Noticed a spiny frog
  1542 | D        | Noticed a yak
  1542 | D        | Noticed a komodo dragon
  1542 | D        | Noticed an iguana
  1545 | D        | Noticed a black mamba
  1546 | D        | Noticed a blink frog
  1547 | D        | Noticed a spiny frog
  1547 | D        | Noticed a hippogriff
  1547 | D        | Noticed a spiny frog
  1549 | D        | Killed a water moccasin
  1550 | D        | Noticed a crocodile
  1553 | D        | Killed a spiny frog
  1554 | D        | Killed a wolf
  1556 | D        | Noticed a spiny frog
  1556 | D        | Killed a black mamba
  1559 | D        | Noticed a giant frog
  1565 | D        | Noticed a crocodile
  1570 | D        | Killed a 16-headed hydra
  1572 | D        | Killed a wolf
  1576 | D        | Killed a spiny frog
  1579 | D        | Killed a spiny frog
  1584 | D        | Killed a komodo dragon
  1588 | D        | Killed a spiny frog
  1590 | D        | Killed a hippogriff
  1594 | D        | Killed a giant frog
  1598 | D        | Killed a porcupine
  1599 | D        | Killed an iguana
  1601 | D        | Killed a yak
  1602 | D        | Killed a crocodile
  1604 | D        | Killed a crocodile
  1616 | D        | Killed a blink frog
  1616 | D        | Killed a blink frog
  1629 | D        | Entered arena 20.
  1633 | D        | Noticed an Ice Fiend
  1633 | D        | Noticed a frost giant
  1633 | D        | Noticed a polar bear
  1634 | D        | Noticed an ice devil
  1634 | D        | Noticed an ice dragon
  1634 | D        | Noticed an Ice Fiend
  1634 | D        | Noticed an Ice Fiend
  1634 | D        | Noticed a polar bear
  1634 | D        | Noticed a blizzard demon
  1634 | D        | Noticed a freezing wraith
  1634 | D        | Noticed a blizzard demon
  1634 | D        | Noticed an ice beast
  1634 | D        | Noticed an ice dragon
  1634 | D        | Noticed a blizzard demon
  1634 | D        | Noticed an ice dragon
  1634 | D        | Noticed an Ice Fiend
  1635 | D        | Noticed an ice devil
  1639 | D        | Killed a polar bear
  1640 | D        | Noticed an ice beast
  1640 | D        | Noticed an ice beast
  1641 | D        | Killed a frost giant
  1641 | D        | Killed a polar bear
  1641 | D        | Killed from afar by an ice dragon

Vault maps used:
D:        sprint_v

Action                   |  1- 3 |  4- 6 |  7- 9 | 10-12 | 13-15 || total
-------------------------+-------+-------+-------+-------+-------++-------
Melee: Double sword      |     7 |    20 |   103 |   229 |   324 ||   683
  Use: Potion            |     1 |       |       |       |       ||     1
 Stab: Distracted        |       |       |     2 |       |     1 ||     3
  Eat: Fruit             |       |       |       |     5 |       ||     5
       Meat ration       |       |       |       |     1 |       ||     1
